 Dungeon Crawl Stone Soup version 0.19-a0-1096-g8280678 (webtiles) character file.

21 AlphabetPasta the Stinger (level 2, -13/13 HPs)
             Began as a Vine Stalker Venom Mage on Aug 7, 2016.
             Killed from afar by Ijyb (26 damage)
             ... with a wand of lightning
             ... on level 2 of the Dungeon.
             The game lasted 00:05:01 (1219 turns).

AlphabetPasta the Stinger (Vine Stalker Venom Mage) Turns: 1219, Time: 00:05:02

Health: -13/13     AC:  6    Str: 10    XL:     2   Next: 83%
Magic:  0/6        EV: 12    Int: 15    God:
Gold:   77         SH:  0    Dex: 14    Spells: 1 memorised, 5 levels left

rFire  . . .     SeeInvis .     d - -3 whip (curse)
rCold  . . .     Gourm    .     a - +1 robe
rNeg   . . .     Faith    .     (no shield)
rPois  .         Spirit   +     (no helmet)
rElec  .         Dismiss  .     i - +1 cloak
rCorr  .         Reflect  .     (no gloves)
SustAt .         Harm     .     e - +0 pair of boots
MR     .....                    (no amulet)
Stlth  ++........               (no ring)
                                (no ring)

@:
A: fangs 2, regeneration 1, magic shield, antimagic bite, no device heal 3, rot
immunity
a: no special abilities


You were on level 2 of the Dungeon.
You were not hungry.

You visited 1 branch of the dungeon, and saw 2 of its levels.

You collected 77 gold pieces.

Inventory:

Hand Weapons
 d - a cursed -3 whip (weapon)
 g - a +1 short sword
Armour
 a - a +1 robe (worn)
 e - a +0 pair of boots (worn)
 i - a +1 cloak (worn)
Scrolls
 c - a scroll of teleportation
 j - a scroll of enchant weapon
Potions
 f - 2 potions of invisibility {unknown}
 h - a potion of flight {unknown}
 k - a potion of mutation {unknown}
Books
 b - a Young Poisoner's Handbook

   Spells                             Type                      Level
   a - Sting                          Conjuration/Poison           1
   b - Mephitic Cloud                 Conjuration/Poison/Air       3
   c - Olgreb's Toxic Radiance        Poison                       4
   d - Alistair's Intoxication        Transmutation/Poison         5
   e - Venom Bolt                     Conjuration/Poison           5
Comestibles
 l - a chunk of flesh


   Skills:
 + Level 1.9 Dodging
 - Level 2.4 Stealth
 * Level 2.6 Spellcasting
 + Level 0.6 Conjurations
 + Level 4.1 Poison Magic


You had 5 spell levels left.
You knew the following spells:

 Your Spells              Type           Power        Failure   Level  Hunger
a - Sting                 Conj/Pois      #...         10%         1    #......


Dungeon Overview and Level Annotations

Branches:
Dungeon (2/15)

Altars:

Annotations:
D:2 exclusion: worm, Ijyb


Innate Abilities, Weirdness & Mutations

You have extremely sharp teeth.
Your natural rate of healing is unusually fast.
When hurt, damage is shared between your health and your magic reserves.
Your bite disrupts and absorbs the magic of your enemies.
Potions and wands cannot restore your health.
You are immune to rotting.


Message History

Aim: a hobgoblin, wielding a club The sting hits the hobgoblin.
The hobgoblin is poisoned.
The hobgoblin is heavily wounded.
The hobgoblin barely misses you.
Casting: Sting
Confirm with . or Enter, or press ? or * to list all spells.
Aiming: Sting
Press: ? - help, Shift-Dir - straight line, f - Ijyb, p - hobgoblin
Aim: Ijyb, wielding a club The sting hits Ijyb.
Ijyb appears unharmed.
You kill the hobgoblin!
Casting: Sting
Confirm with . or Enter, or press ? or * to list all spells.
Aiming: Sting
Press: ? - help, Shift-Dir - straight line, p - Ijyb The sting hits Ijyb.
Ijyb is poisoned.
Ijyb is lightly wounded.
Ijyb zaps a wand.
The bolt of lightning hits you!
Ouch! That really hurt!
You die...

#.# #.# ... #.# ... #### #.#
.. ## .... #.# .. <.. ####
#># g##.... #.# .....
##############.#######..##.##
................@g...).......
##.###########.#######.......
##.######## ...# #.#....
................ ......
##.########.##### ##. # ....
... .. ##.# ### . #.# #.#


You could see Ijyb.

Vanquished Creatures
  A dart slug (D:1)
  3 goblins
  A hobgoblin (D:2)
  9 kobolds
  2 giant newts
  2 rats
18 creatures vanquished.

Notes
Turn   | Place    | Note
-------+----------+-------------------------------------------
     0 | D:1      | AlphabetPasta the Vine Stalker Venom Mage began the quest for the Orb.
     0 | D:1      | Reached XP level 1. HP: 9/9 MP: 4/4
   337 | D:1      | Reached XP level 2. HP: 13/13 MP: 0/6
  1207 | D:2      | Noticed Ijyb
  1219 | D:2      | Killed from afar by Ijyb

Vault maps used:
D:1:      ncdulo_smallfort
D:2:      minmay_misc_feat_five, uniq_crazy_yiuf_cottage, uniq_iyjb

Action                   || total
-------------------------++-------
Melee: Unarmed           ||     6
       Whip              ||     8
       Bite              ||     1
 Cast: Sting             ||    38
  Use: Scroll            ||     4
 Stab: Sleeping          ||     1
  Eat: Bread ration      ||     1
Armor: Robe              ||     4
Dodge: Dodged            ||    11
